 Dungeon Crawl Stone Soup version 0.26.1-11-gd32895ea62 (webtiles) character file.

Game seed: 13953749923312256817

66 kolob the Shield-Bearer (level 4, -3/35 HPs)
             Began as a Human Fighter on May 24, 2021.
             Killed from afar by an orc wizard (7 damage)
             ... with a magic dart
             ... on level 3 of the Dungeon.
             The game lasted 00:15:10 (2562 turns).

kolob the Shield-Bearer (Human Fighter)             Turns: 2562, Time: 00:15:17

Health: -3/35      AC:  6    Str: 17    XL:     4   Next: 37%
Magic:  4/4        EV:  7    Int:  8    God:
Gold:   102        SH:  9    Dex: 13    Spells: 3/3 levels left

rFire    . . .     SeeInvis .   a - +0 rapier
rCold    . . .     Faith    .   c - +0 kite shield
rNeg     . . .     Spirit   .   b - +0 scale mail
rPois    .         Reflect  .   (no helmet)
rElec    .         Harm     .   (no cloak)
rCorr    .         Rampage  .   (no gloves)
Will     .....                  (no boots)
Stlth    ..........             (no amulet)
HPRegen  0.11/turn              (no ring)
MPRegen  0.09/turn              (no ring)

@: slowed, very slow
A: no striking features
a: no special abilities


You were on level 3 of the Dungeon.
You visited 1 branch of the dungeon, and saw 3 of its levels.

You collected 102 gold pieces.

Inventory:

Hand Weapons
 a - a +0 rapier (weapon)
 k - a +0 whip
 l - a cursed -2 club
 q - a +0 dagger
 x - a +0 hunting sling
Missiles
 h - 23 stones (quivered)
 B - 26 arrows
 C - 12 poisoned darts
Armour
 b - a +0 scale mail (worn)
 c - a +0 kite shield (worn)
 g - a +0 leather armour
 j - a +0 ring mail
 p - a +0 leather armour
 u - a +0 ring mail
 A - a cursed +0 leather armour
Scrolls
 f - 4 scrolls of identify {unknown}
 i - a scroll of fear {unknown}
 m - 2 scrolls of teleportation {unknown}
 r - a scroll of remove curse {unknown}
 v - a scroll of noise {unknown}
 w - 2 scrolls of enchant armour {unknown}
 y - a scroll of immolation {unknown}
Potions
 d - a potion of might
 e - 2 potions of heal wounds {unknown}
 n - 2 potions of curing {unknown}
 o - a potion of flight {unknown}
 s - a potion of haste {unknown}
 t - a potion of cancellation {unknown}
 z - a potion of attraction {unknown}


   Skills:
 + Level 3.3 Fighting
 + Level 2.8 Short Blades
 + Level 3.4 Armour
 + Level 0.5 Dodging
 + Level 3.6 Shields


You had 3 spell levels left.
You didn't know any spells.
Your spell library was empty.

Dungeon Overview and Level Annotations

Branches:
Dungeon (3/15)

Altars:


Message History

An orc comes into view. It is wielding a +0 morningstar.
The orc wizard gestures at you while chanting.
The magic dart hits you but does no damage.
The orc barely misses you.
The orc hits you with a cursed -2 flail.
You are too injured to fight recklessly!
The orc wizard hits you but does no damage.
The orc hits you with a +0 mace.
The orc wizard hits you but does no damage.
You block the orc wizard's attack. The orc wizard casts a spell at you.
The magic dart hits you!
* * * LOW HITPOINT WARNING * * *
You miss the orc wizard.
The orc wizard is moderately wounded.
The orc wizard hits you with a +0 dagger.
* * * LOW HITPOINT WARNING * * *
The orc wizard gestures at you while chanting.
The magic dart hits you!
You die...

#.......#####...#
#.......####...###
#.........#......##
#......)#.........##
####..##.##.....†..##
##.##.8.##........#
##.####.####..<#....#
#..#.#.## #..###....#
#.#†⌠@# .⌠.#.# ######
#.o#o###.#.#..#
#.oo## #.##.##
.....o.b## 8.# #.
.#....<.# . ..
#.###..# #. .o #.#. .
.. # ...


You could see an orc wizard (fast), 4 orcs and a bat.

Vanquished Creatures
  2 adders (D:2)
  A worm (D:2)
  2 dart slugs
  2 leopard geckos
  A giant cockroach (D:2)
  4 goblins
  A hobgoblin (D:2)
  8 jackals (D:2)
  A quokka (D:2)
  5 bats
  3 frilled lizards
  2 kobolds
  7 rats
39 creatures vanquished.

Notes
Turn   | Place    | Note
-------+----------+-------------------------------------------
     0 | D:1      | kolob the Human Fighter began the quest for the Orb.
     0 | D:1      | Reached XP level 1. HP: 18/18 MP: 1/1
   664 | D:1      | Reached XP level 2. HP: 22/24 MP: 2/2
  1053 | D:2      | Reached XP level 3. HP: 28/29 MP: 3/3
  1065 | D:2      | Found a faded altar of an unknown god.
  1691 | D:2      | Reached XP level 4. HP: 17/35 MP: 4/4
  2562 | D:3      | Killed from afar by an orc wizard

Illustrated notes

Levels and vault maps discovered:
D:1:      lightli_arrival_flooded_house, layout_basic, minmay_tromino_i2
D:2:      layout_basic, chequers_ecumenical_altar_grove
D:3:      layout_loops_cross, grunt_decor_mini_mirrors, nrook_mini_backslash,
          chequers_jeans, item_on_display_a

Action                   |  1- 3 |  4- 6 || total
-------------------------+-------+-------++-------
Melee: Rapier            |   116 |    34 ||   150
Armor: Scale mail        |    48 |    23 ||    71
Dodge: Dodged            |    30 |    11 ||    41
Block: Kite shield       |    56 |    19 ||    75
